 Dungeon Crawl Stone Soup version 0.23-a0-41-g8b50da7 (webtiles) character file.

1473 topirishpotato the Destroyer (level 9, -2/61 HPs)
             Began as a Human Conjurer on Aug 5, 2018.
             Was an Initiate of Ashenzari.
             Slain by an orc warrior
             ... wielding a +0 battleaxe
              (21 damage)
             ... on level 6 of the Dungeon.
             The game lasted 00:27:27 (7639 turns).

topirishpotato the Destroyer (Human Conjurer)       Turns: 7639, Time: 00:27:28

Health: -2/61      AC:  5    Str: 11    XL:     9   Next: 6%
Magic:  7/16       EV: 12    Int: 19    God:    Ashenzari [......]
Gold:   205        SH:  0    Dex: 13    Spells: 8/18 levels left

rFire    . . .     SeeInvis +   d - +1 club
rCold    . . .     Gourm    .   (no shield)
rNeg     . . .     Faith    .   m - +0 robe (curse)
rPois    +         Spirit   .   b - +0 helmet
rElec    .         Reflect  .   i - +0 cloak (curse)
rCorr    .         Harm     .   e - +0 pair of gloves (curse)
MR       +....                  (no boots)
Stlth    ++........             (no amulet)
HPRegen  0.60/turn              n - ring of see invisible
MPRegen  0.15/turn              k - ring of poison resistance

@: no status effects
A: clever 1, magic resistance 1, regeneration 1
a: Curse Item, Renounce Religion


You were on level 6 of the Dungeon.
You worshipped Ashenzari.
Ashenzari was noncommittal.
You were near starving.

You visited 1 branch of the dungeon, and saw 6 of its levels.

You collected 205 gold pieces.

Inventory:

Hand Weapons
 d - a +1 club (weapon)
Missiles
 c - 169 stones (quivered)
Armour
 b - a +0 helmet (worn)
 e - a cursed +0 pair of gloves (worn)
 i - a cursed +0 cloak (worn)
 m - a cursed +0 robe (worn)
Jewellery
 k - a ring of poison resistance (right hand)
 n - a ring of see invisible (left hand)
Wands
 q - a wand of disintegration (16)
Scrolls
 g - a scroll of enchant armour {unknown}
 p - a scroll of random uselessness {unknown}
 r - a scroll of fear {unknown}
Potions
 a - a potion of lignification {unknown}
 f - 3 potions of might
 h - a potion of degeneration {unknown}
 j - a potion of heal wounds {unknown}
 l - a potion of brilliance {unknown}
Comestibles
 o - 6 rations


   Skills:
 - Level 2.1 Fighting
 * Level 3.5 Maces & Flails
 - Level 2.1 Armour
 - Level 2.0 Dodging
 - Level 2.0 Stealth
 + Level 5.1 Spellcasting
 * Level 8.3 Conjurations
 * Level 2.1 Hexes


You had 8 spell levels left.
You knew the following spells:

 Your Spells              Type           Power        Failure   Level  Hunger
a - Magic Dart            Conj           ####         1%          1    None
b - Searing Ray           Conj           #####.       1%          2    #......
c - Iskenderun's Mystic   Conj           #####...     4%          4    ####...
d - Dazzling Spray        Conj/Hex       ###...       4%          3    ##.....

Your spell library contained the following spells:

 Spells                   Type           Power        Failure   Level  Hunger
 Fulminant Prism          Conj/Hex       ###.......   14%         4    ####...
 Force Lance              Conj/Tloc      ###.....     22%         4    ####...


Dungeon Overview and Level Annotations

Branches:
Dungeon (6/15)             Temple (0/1) D:4

Altars:
Ashenzari
Kikubaaqudgha
The Shining One

Shops:
D:5 }


Innate Abilities, Weirdness & Mutations

Your mind is acute. (Int +2)
You are resistant to hostile enchantments. (MR+)
Your natural rate of healing is unusually fast.


Message History

Press: ? - help, Shift-Dir - straight line, f/p - orc warrior
Aim: an orc warrior, wielding a battleaxe and wearing a plate armour (severely wounded)
The searing ray hits the orc warrior.
The orc warrior is severely wounded. (Press . to maintain the ray.)
You are near starving!
The orc warrior barely misses you. The orc barely misses you.
The searing ray hits the orc warrior.
The orc warrior is almost dead.
The orc closely misses you. The orc warrior closely misses you.
The searing ray misses the orc warrior.
The orc hits you with a dagger.
The orc warrior hits you with a battleaxe!!
* * * LOW HITPOINT WARNING * * *
The searing ray hits the orc warrior.
The orc warrior is almost dead.
You finish channeling your searing ray.
The orc closely misses you. The orc warrior barely misses you.
The orc hits you but does no damage. The orc hits you but does no damage.
The orc warrior hits you with a battleaxe!!
You die...

#.....#
#.....#
#.....#
#.....#
#.....#
#.....#
#.o..>#
#@o...#
#[....#
#.....#
#.....#
#.....#
#(....#
#.....#
#.....#


You could see an orc warrior and an orc.

Vanquished Creatures
  Sigmund (D:2)
  An ogre (D:5)
  2 phantoms
  A centaur (D:5)
  A water moccasin zombie (D:5)
  A crimson imp (D:5)
  2 hounds (D:4)
  A jelly (D:3)
  3 orc priests
  Jessica (D:2)
  2 iguanas (D:4)
  Terence (D:2)
  3 orc wizards
  Ijyb (D:5)
  9 worker ants
  11 adders
  A river rat (D:4)
  3 oozes
  2 worms
  2 dart slugs
  2 leopard geckos
  22 orcs
  3 ball pythons
  12 bats
  4 giant cockroaches
  8 goblins
  8 hobgoblins
  12 jackals
  4 quokkas
  9 frilled lizards
  A jackal skeleton (D:4)
  12 kobolds
  A leopard gecko skeleton (D:4)
  10 rats
157 creatures vanquished.

Notes
Turn   | Place    | Note
-------+----------+-------------------------------------------
     0 | D:1      | topirishpotato the Human Conjurer began the quest for the Orb.
     0 | D:1      | Reached XP level 1. HP: 13/13 MP: 3/3
   230 | D:1      | Reached XP level 2. HP: 16/19 MP: 0/5
   538 | D:1      | Reached XP level 3. HP: 25/25 MP: 1/6
  1118 | D:1      | Reached skill level 5 in Conjurations
  1118 | D:1      | Reached XP level 4. HP: 26/31 MP: 0/7
  1242 | D:2      | Noticed Terence
  1270 | D:2      | Killed Terence
  1270 | D:2      | Reached skill level 1 in Fighting
  1270 | D:2      | Reached skill level 1 in Maces & Flails
  1646 | D:2      | Learned a level 2 spell: Searing Ray
  1650 | D:2      | Reached XP level 5. HP: 37/37 MP: 4/8
  1702 | D:2      | Found a shattered altar of Ashenzari.
  1799 | D:2      | Found a glowing golden altar of the Shining One.
  1861 | D:2      | Noticed Jessica
  1866 | D:2      | Killed Jessica
  1866 | D:2      | Reached skill level 1 in Armour
  2038 | D:2      | Became a worshipper of Ashenzari the Shackled
  2218 | D:2      | Noticed Sigmund
  2295 | D:2      | Killed Sigmund
  2295 | D:2      | Reached skill level 6 in Conjurations
  2295 | D:2      | Reached XP level 6. HP: 44/44 MP: 4/10
  2527 | D:2      | Found an ancient bone altar of Kikubaaqudgha.
  2957 | D:3      | Reached XP level 7. HP: 49/49 MP: 5/11
  3769 | D:3      | Gained mutation: You are resistant to hostile enchantments. (MR+) [potion of mutation]
  3769 | D:3      | Gained mutation: Your mind is acute. (Int +2) [potion of mutation]
  3769 | D:3      | Gained mutation: Your natural rate of healing is unusually fast. [potion of mutation]
  3793 | D:3      | Learned a level 4 spell: Iskenderun's Mystic Blast
  4868 | D:4      | Reached XP level 8. HP: 56/56 MP: 8/14
  4882 | D:4      | Reached skill level 7 in Conjurations
  4948 | D:4      | Learned a level 3 spell: Dazzling Spray
  5282 | D:4      | Found a staircase to the Ecumenical Temple.
  5838 | D:5      | Entered Level 5 of the Dungeon
  5923 | D:5      | Noticed Ijyb
  5927 | D:5      | Killed Ijyb
  5957 | D:5      | Reached skill level 1 in Hexes
  6398 | D:5      | Found Nigemnasm's Gadget Boutique.
  7048 | D:5      | Reached skill level 8 in Conjurations
  7247 | D:5      | Reached skill level 5 in Spellcasting
  7247 | D:5      | Reached XP level 9. HP: 37/61 MP: 9/16
  7639 | D:6      | Slain by an orc warrior

Vault maps used:
D:1:      dpeg_arrival_castle
D:2:      ashenzari_conservatory_becter, tso_metal_star,
          nicolae_overflow_hidden_temple, kiku_gazebo_garden_becter,
          uniq_sigmund, uniq_jessica, uniq_terence
D:3:      first_ration
D:4:      minmay_temple_entry_hall, gup_sewer_entry_bubbles, minmay_surrounded
D:5:      serial_shops, nicolae_shop_crystal, uniq_ijyb
D:6:      serial_shops, shop

Skill      XL: |  1  2  3  4  5  6  7  8 |
---------------+-------------------------+-----
Conjurations   | 5 6 8 |  8.3
Fighting       | 1 2 |  2.1
Maces & Flails | 1 2 3 |  3.5
Armour         | 1 2 |  2.1
Spellcasting   | 3 4 5 |  5.1
Hexes          | 2 |  2.1
Dodging        | |  2.0
Stealth        | |  2.0

Action                   |  1- 3 |  4- 6 |  7- 9 || total
-------------------------+-------+-------+-------++-------
Melee: Club              |     6 |    28 |   114 ||   148
 Cast: Magic Dart        |    55 |    83 |   150 ||   288
       Searing Ray       |       |     3 |    39 ||    42
       Iskenderun's Myst |       |       |    11 ||    11
Invok: Curse Item        |       |     1 |     1 ||     2
  Use: Scroll            |       |     2 |     3 ||     5
       Potion            |       |       |     1 ||     1
 Stab: Sleeping          |     1 |       |       ||     1
  Eat: Ration            |       |     1 |     1 ||     2
       Chunk             |       |     4 |    13 ||    17
Armor: Robe              |     6 |    13 |    76 ||    95
Dodge: Dodged            |    13 |    41 |   177 ||   231

Table legend:
 A = Spawn XP
 B = Non-spawn XP
 C = Spawn XP percentage of total XP
 D = Spawn monster count
 E = Non-spawn monster count
 F = Spawn count percentage of total count
 G = Total turns spent on level
                    A         B        C        D         E        F      G
               +---------+---------+-------+---------+---------+-------+---------
         Total |       0 |    2105 |   0.0 |       0 |     157 |   0.0 |  7639
               +---------+---------+-------+---------+---------+-------+---------
           D:1 |       0 |      85 |   0.0 |       0 |      26 |   0.0 |  1128
           D:2 |       0 |     387 |   0.0 |       0 |      31 |   0.0 |  1928
           D:3 |       0 |     248 |   0.0 |       0 |      34 |   0.0 |  1188
           D:4 |       0 |     543 |   0.0 |       0 |      34 |   0.0 |  1594
           D:5 |       0 |     805 |   0.0 |       0 |      31 |   0.0 |  1784
           D:6 |       0 |      37 |   0.0 |       0 |       1 |   0.0 |    17
               +---------+---------+-------+---------+---------+-------+---------
